AoeStats
← SedateBeast

Arena

504006628Analyzed
3v3 RM · 29d ago on Sep 3, 2026· 29m 25s· 6 players
Game mode
Random Map
Map size
Normal (6 player)
Population
200
Speed
Normal
Resources
Standard
Victory
Conquest
Starting age
Dark Age
Ending age
Imperial Age
RankedLock teamsTeams togetherTeam positionsShared explorationLock speedFull tech treeHidden civsTurbo modeCheats
Victory
Defeat
🇦🇺 Vikings · Australia
920
+9
🇦🇺 Franks · Australia
874
+11
🇦🇺 Poles · Australia
650
+21
🇦🇷 Chinese · Argentina
789
-15
🇪🇸 Spanish · Spain
774
-14
🇵🇱 Teutons · Poland
726
-12
Edi
10:05 Feudal Age
12:54 Man-at-Arms
18:18 Castle Age
16:22 Double-Bit Axe
16:48 Horse Collar
17:05 Gold Mining
17:41 Stone Mining
20:46 Squires
28:06 Imperial Age
KYLIAN DICTADOR
0:37 Loom
10:25 Feudal Age
11:24 Double-Bit Axe
11:22 Horse Collar
19:22 Castle Age
17:41 Padded Archer Armor
17:32 Fletching
17:49 Stone Mining
17:52 Gold Mining
18:15 Forging
21:02 Bow Saw
21:07 Heavy Plow
26:05 Squires
pauss33
GayBastard
10:34 Feudal Age
11:13 Double-Bit Axe
12:02 Gold Mining
12:12 Man-at-Arms
18:23 Castle Age
16:31 Horse Collar
16:54 Scale Mail Armor
17:57 Stone Mining
19:22 Long Swordsman
20:15 Forging
21:03 Bow Saw
23:14 Fletching
25:00 Gold Shaft Mining
24:59 Bodkin Arrow
26:49 Squires
29:23 Town Watch
SedateBeast
10:53 Feudal Age
11:47 Double-Bit Axe
17:56 Castle Age
19:24 Forging
20:12 Scale Barding Armor
23:16 Bow Saw
24:36 Chain Barding Armor
26:32 Iron Casting
32:02 Imperial Age
Barbarian
4:34 Loom
12:51 Feudal Age
13:41 Double-Bit Axe
13:39 Horse Collar
18:29 Castle Age
19:23 Bow Saw
20:39 Scale Barding Armor
20:46 Forging
20:53 Heavy Plow
24:19 Chain Barding Armor
25:39 Chain Barding Armor
26:33 Wheelbarrow
25:44 Town Watch
26:59 Treadmill Crane
30:58 Imperial Age
30:06 Hand Cart
29:53 Town Patrol
Connection lost

Rejoining the realm…

Still unreachable

The connection could not be restored.

Session expired

The server has moved on; the page needs a fresh start.